 Dungeon Crawl Stone Soup version 0.24-a0-525-g9231cdcba1 (webtiles) character file.

Game seed: 11460139936588330045

42 BinkBink the Cudgeler (level 3, 0/34 HPs)
             Began as a Deep Dwarf Berserker on Aug 2, 2019.
             Was a Follower of Trog.
             Slain by a phantom (4 damage)
             ... on level 2 of the Dungeon.
             The game lasted 00:02:56 (1222 turns).

BinkBink the Cudgeler (Deep Dwarf Berserker)        Turns: 1222, Time: 00:02:57

Health: 0/34       AC:  8    Str: 21    XL:     3   Next: 35%
Magic:  3/3        EV:  7    Int:  7    God:    Trog [*.....]
Gold:   33         SH:  7    Dex: 12    Spells: 2/2 levels left

rFire    . . .     SeeInvis .   m - -3 mace (curse)
rCold    . . .     Gourm    .   g - +0 shield
rNeg     . . .     Faith    .   l - +0 scale mail
rPois    .         Spirit   .   (no helmet)
rElec    .         Reflect  .   k - +0 cloak
rCorr    .         Harm     .   i - +0 pair of gloves
MR       .....                  (no boots)
Stlth    ..........             (no amulet)
HPRegen  0.00/turn              (no ring)
MPRegen  0.08/turn              (no ring)

@: berserk cooldown, starving, non-regenerating, slowed, very slow
A: damage resistance, heal wounds, sense surroundings 1, no regeneration
a: Heal Wounds, Berserk, Renounce Religion


You were on level 2 of the Dungeon.
You worshipped Trog.
Trog was aware of your devotion.
You were starving.

You visited 1 branch of the dungeon, and saw 2 of its levels.

You collected 33 gold pieces.

Inventory:

Hand Weapons
 a - a +0 mace
 m - a cursed -3 mace (weapon)
Armour
 b - a +0 animal skin
 g - a +0 shield (worn)
 i - a +0 pair of gloves (worn)
 k - a +0 cloak (worn)
 l - a +0 scale mail (worn)
Scrolls
 e - a scroll of teleportation
 f - a scroll of identify
Potions
 d - a potion of might
 h - a potion of cancellation {unknown}
 j - a potion of brilliance
Comestibles
 c - 2 rations


   Skills:
 + Level 3.1 Fighting
 + Level 3.7 Maces & Flails
 + Level 2.5 Armour
 + Level 2.3 Dodging
 + Level 0.4 Stealth


You had 2 spell levels left.
You didn't know any spells.
Your spell library was empty.

Dungeon Overview and Level Annotations

Branches:
Dungeon (2/15)

Altars:


Innate Abilities, Weirdness & Mutations

You are resistant to damage.
You can heal yourself by infusing magical energy.
You passively map a small area around you.
You do not regenerate.


Message History

The phantom hits you but does no damage.
Your scale mail prevents you from hitting the phantom.
The phantom is severely damaged.
The phantom blinks!
The phantom blinks!
The phantom blinks!
The phantom blinks!
The phantom hits you but does no damage.
You closely miss the phantom.
The phantom is severely damaged.
The phantom hits you.
* * * LOW HITPOINT WARNING * * *
The phantom blinks!
You closely miss the phantom.
The phantom is severely damaged.
The phantom blinks!
You completely miss the phantom.
The phantom is severely damaged.
The phantom hits you.
You die...

#..........#
* #.
#######.####
, #.# , , #.
#.# , , **
#.# , #.# *
* #.# * , **
*#W# , ,, ,
#@# , * #.#
,,*, #.# * ,
... , , *
###** * * *
* * , , ,


You could see a phantom.

Vanquished Creatures
  An adder (D:2)
  An ooze (D:2)
  A leopard gecko (D:2)
  3 bats (D:1)
  A giant cockroach (D:1)
  8 goblins
  4 hobgoblins
  4 kobolds
  A frilled lizard (D:1)
  3 rats
27 creatures vanquished.

Notes
Turn   | Place    | Note
-------+----------+-------------------------------------------
     0 | D:1      | BinkBink the Deep Dwarf Berserker began the quest for the
                  | Orb.
     0 | D:1      | Reached XP level 1. HP: 20/20 MP: 1/1
   259 | D:1      | Reached XP level 2. HP: 22/28 MP: 2/2
   895 | D:2      | Reached XP level 3. HP: 18/34 MP: 3/3
  1017 | D:2      | Noticed a phantom
  1222 | D:2      | Slain by a phantom

Levels and vault maps discovered:
D:1:      dpeg_arrival_prison, layout_loops_ring
D:2:      layout_basic

Skill      XL: |  1 |
---------------+----+-----
Fighting       | 3 |  3.1
Maces & Flails | |  3.7
Armour         | |  2.5
Dodging        | |  2.3
Stealth        | |  0.4

Action                   || total
-------------------------++-------
Melee: Mace              ||   198
Invok: Berserk           ||     2
 Abil: Heal Wounds       ||     3
  Use: Scroll            ||     3
 Stab: Sleeping          ||     1
  Eat: Chunk             ||     1
Armor: Animal skin       ||     2
       Scale mail        ||    87
Dodge: Dodged            ||    54
Block: Shield            ||    76

Table legend:
 A = Non-vault XP
 B = Vault XP
 C = Vault XP percentage of total XP
 D = Non-vault monster count
 E = Vault monster count
 F = Vault count percentage of total count
                 A         B        C        D         E       F
            +---------+---------+-------+---------+---------+-------
      Total |      60 |       1 |   1.6 |      26 |       1 |   3.7
            +---------+---------+-------+---------+---------+-------
        D:1 |      18 |       1 |   5.3 |      11 |       1 |   8.3
        D:2 |      42 |       0 |   0.0 |      15 |       0 |   0.0
            +---------+---------+-------+---------+---------+-------
